 Dungeon Crawl Stone Soup version 0.23.2-1-ga50397a (webtiles) character file.

Game seed: 11415982198679074204

575 Fang the Skirmisher (level 7, -4/44 HPs)
             Began as a Gargoyle Berserker on May 16, 2019.
             Was a Priest of Trog.
             Slain by an iguana (10 damage)
             ... on level 4 of the Dungeon.
             The game lasted 00:04:37 (3796 turns).

Fang the Skirmisher (Gargoyle Berserker)            Turns: 3796, Time: 00:04:38

Health: -4/44      AC:  7    Str: 22    XL:     7   Next: 35%
Magic:  0/7        EV: 13    Int:  8    God:    Trog [***...]
Gold:   127        SH:  0    Dex:  9    Spells: 6/6 levels left

rFire    . . .     SeeInvis .   a - +0 hand axe
rCold    . . .     Gourm    .   (no shield)
rNeg     + . .     Faith    .   b - +0 animal skin
rPois    ∞         Spirit   +   (no helmet)
rElec    +         Reflect  .   (no cloak)
rCorr    .         Harm     .   (no gloves)
MR       .....                  (no boots)
Stlth    +.........             t - amulet of guardian spirit
HPRegen  0.14/turn              r - ring of flight
MPRegen  0.10/turn              (no ring)

@: no status effects
A: negative energy resistance 1, electricity resistance, unbreathing,
petrification resistance, rot immunity, AC +4
a: Berserk, Trog's Hand, Renounce Religion, Evoke Flight


You were on level 4 of the Dungeon.
You worshipped Trog.
Trog was most pleased with you.
You were hungry.

You visited 1 branch of the dungeon, and saw 5 of its levels.

You collected 127 gold pieces.

Inventory:

Hand Weapons
 a - a +0 hand axe (weapon)
Armour
 b - a +0 animal skin (worn)
Jewellery
 r - a ring of flight (left hand)
 t - an amulet of guardian spirit (around neck)
Scrolls
 g - 4 scrolls of remove curse {unknown}
 i - a scroll of magic mapping {unknown}
 j - 8 scrolls of identify {unknown}
 k - 2 scrolls of enchant weapon {unknown}
 m - a scroll of enchant armour {unknown}
 o - 2 scrolls of amnesia {unknown}
 p - 5 scrolls of teleportation {unknown}
Potions
 d - 2 potions of cancellation {unknown}
 e - 4 potions of curing {unknown}
 h - 3 potions of heal wounds {unknown}
 l - a potion of flight {unknown}
 n - a potion of ambrosia {unknown}
 q - a potion of degeneration {unknown}
 s - a potion of resistance {unknown}
Comestibles
 c - 7 rations
 f - 8 chunks of flesh


   Skills:
 + Level 5.3 Fighting
 + Level 4.3 Axes
 + Level 4.6 Armour
 + Level 3.4 Dodging


You had 6 spell levels left.
You didn't know any spells.
Your spell library was empty.

Dungeon Overview and Level Annotations

Branches:
Dungeon (5/15)
 Temple: D:4-7

Altars:
Fedhas
Nemelex Xobeh
Xom

Annotations:
D:5 Duvessa


Innate Abilities, Weirdness & Mutations

You are resistant to torment.
Your stone body is resilient. (AC +4)
You are immune to poison.
You resist negative energy. (rN+)
You are resistant to electric shocks. (rElec)
You can survive without breathing.
You are immune to petrification.
You are immune to rotting.


Message History

You are too injured to fight recklessly!
An iguana is nearby!
You hit the iguana.
The iguana is heavily wounded.
The iguana bites you.
* * * LOW HITPOINT WARNING * * *
You hit the iguana.
The iguana is severely wounded.
The iguana misses you.
You completely miss the iguana.
The iguana is severely wounded.
The iguana closely misses you.
You hit the iguana.
The iguana is almost dead.
The iguana bites you!
* * * LOW HITPOINT WARNING * * *
You hit the iguana but do no damage.
The iguana is almost dead.
The iguana bites you!
You die...

#(#.###. ...#####.
........ ...#....
#..#⌠.##+##.⌠#....
#..#.##...#.##....
#.........#.......
#.#.......#.......
#.....##'#÷.......
########................
......l@................
##......$.....(.).......
##..........>..######..
#............### ##.
.........^..### ##
######.....## #######


You could see an iguana.

Vanquished Creatures
  Grinder (D:4)
  An ogre (D:4)
  A hound (D:4)
  An orc priest (D:4)
  A centaur skeleton (D:4)
  An orc wizard (D:4)
  A worker ant (D:2)
  4 adders
  4 gnolls (D:4)
  3 worms (D:2)
  A dart slug (D:2)
  A leopard gecko (D:3)
  3 orcs
  7 bats
  2 giant cockroaches
  8 goblins
  6 hobgoblins
  10 jackals (D:1)
  A quokka (D:2)
  8 frilled lizards
  10 kobolds
  11 rats
  A bush (D:3)
87 creatures vanquished.

Notes
Turn   | Place    | Note
-------+----------+-------------------------------------------
     0 | D:1      | Fang the Gargoyle Berserker began the quest for the Orb.
     0 | D:1      | Reached XP level 1. HP: 14/14 MP: 1/1
    67 | D:1      | Reached XP level 2. HP: 10/19 MP: 2/2
   895 | D:1      | Reached XP level 3. HP: 23/23 MP: 3/3
  1490 | D:2      | Reached ** piety under Trog
  1641 | D:2      | Reached XP level 4. HP: 15/29 MP: 4/4
  1650 | D:2      | Reached skill level 4 in Fighting
  1815 | D:2      | Found a blossoming altar of Fedhas.
  1820 | D:2      | Found a sparkling altar of Nemelex Xobeh.
  2009 | D:2      | Found a shimmering altar of Xom.
  2611 | D:3      | Reached XP level 5. HP: 24/33 MP: 5/5
  3399 | D:4      | Noticed Grinder
  3409 | D:4      | Killed Grinder
  3409 | D:4      | Reached XP level 6. HP: 40/40 MP: 6/6
  3416 | D:4      | Reached *** piety under Trog
  3418 | D:4      | Reached skill level 5 in Fighting
  3527 | D:5      | Entered Level 5 of the Dungeon
  3527 | D:5      | Noticed Duvessa
  3535 | D:4      | Reached XP level 7. HP: 23/44 MP: 7/7
  3796 | D:4      | Slain by an iguana

Skill      XL: |  1  2  3  4  5  6 |
---------------+-------------------+-----
Axes           | 3 4 |  4.3
Dodging        | 2 3 |  3.4
Fighting       | 4 5 |  5.3
Armour         | 3 4 |  4.6

Action                   |  1- 3 |  4- 6 |  7- 9 || total
-------------------------+-------+-------+-------++-------
Melee: Hand axe          |   127 |   266 |    28 ||   421
Invok: Berserk           |     1 |     2 |     1 ||     4
       Trog's Hand       |       |     1 |       ||     1
  Eat: Chunk             |     3 |     8 |     3 ||    14
Armor: Animal skin       |    59 |    59 |     6 ||   124
Dodge: Dodged            |   101 |   111 |    11 ||   223
